Golden Seals vs Canadiens

Created - 15 avril 2024 at 11:30

Goals
1 2 3 T
Golden Seals 2 2 2 6
Canadiens 1 2 0 3
Shots
1 2 3 T
Golden Seals 16 12 10 38
Canadiens 13 16 14 43

GoalsPenalties
1st period
1. Golden Seals , Max Domi 29 (Colton Parayko 23, Jake McCabe 15) at 8:14
2. Golden Seals , Ondrej Kase 8 (Barclay Goodrow 9, Dmitry Kulikov 15) at 10:42
3. Canadiens , Andrew Mangiapane 27 (Christian Dvorak 20, Adam Larsson 13) at 16:10
No Penalty
2nd period
4. Canadiens , Christian Dvorak 17 (Jani Hakanpaa 17, Andrew Mangiapane 28) at 0:22
5. Canadiens , Noah Cates 10 (Victor Hedman 28, Ryan O'Reilly 30) at 8:11
6. Golden Seals , Bobby Brink 6 (Ryan Suter 28, Cody Ceci 11) at 12:53
7. Golden Seals , Robby Fabbri 13 (Dysin Mayo 13, Bobby Brink 7) at 17:17
Ryan Suter (CLF) for Tripping (Minor) at 0:42
3rd period
8. Golden Seals , Ondrej Kase 9 (Jonatan Berggren 5) at 1:20
9. Golden Seals , Nick Suzuki 37 (Dysin Mayo 14, Tyler Toffoli 33) at 12:00
Anton Lundell (MTL) for Tripping (Minor) at 6:29
Goalie Stats
Andrei Vasilevskiy (CLF), 40 saves from 43 shots - (0,930), W, 30-15-8, 60:00 minutes
Ilya Samsonov (MTL), 32 saves from 38 shots - (0,842), L, 20-23-4, 60:00 minutes
3 StarsOfficial
1 - Ondrej Kase (CLF)
2 - Dysin Mayo (CLF)
3 - Bobby Brink (CLF)
Referees : Dave Lewis and Chris Schlenker
Linesman : Mark Shewchyk and Tyson Baker
Game Note
No Game Note
Finance
Level 1 -- Attendance: 2960 (49,33%) -- Ticket Income $488,400
Level 2 -- Attendance: 2863 (57,26%) -- Ticket Income $283,437
Level 3 -- Attendance: 852 (42,60%) -- Ticket Income $67,308
Level 4 -- Attendance: 2141 (53,53%) -- Ticket Income $83,499
Luxury Box -- Attendance: 747 (74,70%) -- Ticket Income $167,328
Game was played at the Centurions Coliseum.
Total Attendance: 9563 (53,13%)
Total Ticket Income: $1,089,972
Other Income: $534,086
Total Income: $1,624,058



Team Name Goals Shots Shots Attemp Shots Blocked PIM HIT PP PK FO%
Golden Seals 63868122120 / 1 (0%)046%
Canadiens 3437892200 / 1 (0%)054%

Golden Seals
Player Name POS G A P +/- PIM HIT SHT SB MP PP MP PP SHT PK MP PK SHT FO% FOT GA TA
Barclay GoodrowC/LW/RW011100008:450:0000:02067% 301
Bobby BrinkRW1122004213:030:0000:000100% 100
Cody CeciD011-1001020:290:0001:0400% 000
Colton ParaykoD0110011423:061:2001:0400% 000
Dmitry KulikovD0114012116:100:0000:5500% 000
Dysin MayoD0224013116:100:0000:5500% 000
Jaden SchwartzLW/RW0001003117:040:4000:000100% 122
Jake McCabeD0110010022:010:3900:0000% 002
Jason RobertsonLW/RW000-1023020:241:1901:02025% 410
Jonatan BerggrenC/LW/RW011100008:220:0000:0000% 100
Jonathan ToewsC0002001014:471:2000:24050% 400
Max DomiC/LW1011022018:050:4000:4400% 210
Nick SuzukiC/RW101-1014120:211:1900:59044% 4101
Ondrej KaseLW/RW202100308:220:0000:0000% 010
Robby FabbriC/LW/RW1012025013:540:3900:0000% 010
Ryan SuterD011-1201019:340:0000:0000% 001
Tyler ToffoliC/LW/RW011-1014219:221:1900:0000% 010
William KarlssonC0001001018:010:4000:47067% 600
Canadiens
Player Name POS G A P +/- PIM HIT SHT SB MP PP MP PP SHT PK MP PK SHT FO% FOT GA TA
Adam LarssonD011-4050220:230:0001:0400% 000
Andrew MangiapaneC/LW/RW1122007016:360:5300:0000% 001
Anton LundellC/LW0002202015:440:0000:000100% 100
Chris KreiderC/LW/RW000-4036016:101:0600:0000% 101
Christian DvorakC/LW1122003017:050:0001:22058% 2600
Henri JokiharjuD0000010020:111:0400:5500% 001
J.T. CompherC/LW/RW000-4011116:010:0000:56053% 1901
Jakob ChychrunD000-4012219:260:5500:0000% 000
Jani HakanpaaD0111012019:350:0001:0400% 001
Jeff SkinnerC/LW/RW0000034017:000:5300:0000% 110
Jonathan DrouinC/LW/RW000-1003010:090:0001:0310% 000
Mathew BarzalC/RW000-4016016:101:0600:0000% 120
Nick FolignoC/LW/RW000-102109:060:0000:0000% 000
Noah CatesC/LW/RW101-101109:150:0000:09025% 410
Ryan O'ReillyC/LW/RW0110002017:300:5300:28070% 1000
Travis HamonicD0000000020:111:0400:5500% 002
Valeri NichushkinLW/RW0000002017:141:0600:0000% 020
Victor HedmanD0111011420:140:5500:0000% 010

Golden Seals

5 vs 5 Forward
Line #Left WingCenterRight WingPHYDFOFWanted %Time %Time Play
1Tyler ToffoliNick SuzukiJason Robertson0233733%18:13
2Max DomiWilliam KarlssonJaden Schwartz0233029%16:24
3Robby FabbriJonathan ToewsBobby Brink0232323%13:03
4Jonatan BerggrenBarclay GoodrowOndrej Kase0231015%8:22
5 vs 5 Defense
Line #DefenseDefensePHYDFOFWanted %Time %Time Play
1Colton ParaykoJake McCabe0413837%20:42
2Cody CeciRyan Suter0413536%20:15
3Dmitry KulikovDysin Mayo0412727%15:05
4Cody CeciJake McCabe12200%0:00
Power Play Forward
Line #Left WingCenterRight WingPHYDFOFWanted %Time %Time Play
1Tyler ToffoliNick SuzukiJason Robertson0056066%1:19
2Max DomiWilliam KarlssonJaden Schwartz0054034%0:40
Power Play Defense
Line #DefenseDefensePHYDFOFWanted %Time %Time Play
1Jonathan ToewsColton Parayko0146067%1:20
2Robby FabbriJake McCabe0144033%0:39
Penalty Kill 4 Players Forward
Line #CenterWingPHYDFOFWanted %Time %Time Play
1Jason RobertsonNick Suzuki1316088%1:45
2Jonathan ToewsWilliam Karlsson1314012%0:14
Penalty Kill 4 Players Defense
Line #DefenseDefensePHYDFOFWanted %Time %Time Play
1Colton ParaykoCody Ceci1406054%1:04
2Dmitry KulikovDysin Mayo1404046%0:55
Penalty Kill 3 Players
Line #WingPHYDFOFWanted %Time %Time PlayDefenseDefensePHYDFOFWanted %Time %Time Play
1Nick Suzuki050600%0:00 Colton ParaykoCody Ceci050600%0:00
2William Karlsson050400%0:00 Dmitry KulikovDysin Mayo050400%0:00
4 vs 4 Forward
Line #CenterWingPHYDFOFWanted %Time %Time Play
1Nick SuzukiJason Robertson122600%0:00
2William KarlssonTyler Toffoli122400%0:00
4 vs 4 Defense
Line #DefensePHYDFOFWanted %Time %Time Play
1Colton ParaykoJake McCabe131600%0:00
2Cody CeciDmitry Kulikov131400%0:00
Last Minutes Offensive
Left WingCenterRight WingDefenseDefense
Tyler ToffoliNick SuzukiJason RobertsonWilliam KarlssonJonathan Toews
Last Minutes Defensive
Left WingCenterRight WingDefenseDefense
Barclay GoodrowWilliam KarlssonNick SuzukiColton ParaykoCody Ceci
Time
Total ForwardTotal DefenseLast Minutes OffensiveLast Minutes Defensive
60:00 60:00 0:000:00
Extra Forwards
Normal PowerPlayPenalty Kill
Ondrej Kase, Jonatan Berggren, Barclay GoodrowJonatan Berggren, Bobby BrinkWilliam Karlsson
Extra Defensemen
Normal PowerPlayPenalty Kill
Ryan Suter, Dmitry Kulikov, Jake McCabeRyan Suter, Jake McCabeRyan Suter
Penalty Shots
Nick Suzuki, Jason Robertson, Tyler Toffoli, Jonathan Toews, William Karlsson
Goalie
Andrei Vasilevskiy, Pheonix Copley
Custom OT Lines Forwards
Nick Suzuki, Jason Robertson, Tyler Toffoli, Jonathan Toews, William Karlsson, Max Domi, Jaden Schwartz, Robby Fabbri, Jonatan Berggren, Bobby Brink
Custom OT Lines Defensemen
Colton Parayko, Jake McCabe, Ryan Suter, Cody Ceci, Dmitry Kulikov
Scratches
Kurtis MacDermid (Healthy), Nick Cousins (Healthy), Robert Hagg (Healthy)

Canadiens

5 vs 5 Forward
Line #Left WingCenterRight WingPHYDFOFWanted %Time %Time Play
1Valeri NichushkinRyan O'ReillyJeff Skinner0232829%16:08
2Chris KreiderJ.T. CompherMathew Barzal0232827%15:05
3Anton LundellChristian DvorakAndrew Mangiapane0232828%15:43
4Nick FolignoNoah CatesJonathan Drouin0231616%9:06
5 vs 5 Defense
Line #DefenseDefensePHYDFOFWanted %Time %Time Play
1Victor HedmanJani Hakanpaa0323333%18:31
2Adam LarssonJakob Chychrun0323334%18:49
3Travis HamonicHenri Jokiharju0323132%17:54
4Adam LarssonVictor Hedman03231%0:48
Power Play Forward
Line #Left WingCenterRight WingPHYDFOFWanted %Time %Time Play
1Valeri NichushkinMathew BarzalChris Kreider0055555%1:06
2Andrew MangiapaneRyan O'ReillyJeff Skinner0054545%0:53
Power Play Defense
Line #DefenseDefensePHYDFOFWanted %Time %Time Play
1Victor HedmanJakob Chychrun0145546%0:55
2Henri JokiharjuTravis Hamonic0144554%1:04
Penalty Kill 4 Players Forward
Line #CenterWingPHYDFOFWanted %Time %Time Play
1Christian DvorakAnton Lundell0415076%1:31
2Ryan O'ReillyJ.T. Compher0415024%0:28
Penalty Kill 4 Players Defense
Line #DefenseDefensePHYDFOFWanted %Time %Time Play
1Adam LarssonJani Hakanpaa0415054%1:04
2Henri JokiharjuTravis Hamonic0415046%0:55
Penalty Kill 3 Players
Line #WingPHYDFOFWanted %Time %Time PlayDefenseDefensePHYDFOFWanted %Time %Time Play
1Christian Dvorak050500%0:00 Adam LarssonJani Hakanpaa050500%0:00
2Ryan O'Reilly050500%0:00 Victor HedmanTravis Hamonic050500%0:00
4 vs 4 Forward
Line #CenterWingPHYDFOFWanted %Time %Time Play
1Mathew BarzalChris Kreider023500%0:00
2Ryan O'ReillyValeri Nichushkin023500%0:00
4 vs 4 Defense
Line #DefensePHYDFOFWanted %Time %Time Play
1Adam LarssonTravis Hamonic023500%0:00
2Jani HakanpaaVictor Hedman023500%0:00
Last Minutes Offensive
Left WingCenterRight WingDefenseDefense
Valeri NichushkinMathew BarzalChris KreiderVictor HedmanJakob Chychrun
Last Minutes Defensive
Left WingCenterRight WingDefenseDefense
Ryan O'ReillyChristian DvorakAnton LundellAdam LarssonJani Hakanpaa
Time
Total ForwardTotal DefenseLast Minutes OffensiveLast Minutes Defensive
60:00 60:00 0:000:00
Extra Forwards
Normal PowerPlayPenalty Kill
Jeff Skinner, Anton Lundell, Nick FolignoJ.T. Compher, Jonathan DrouinJ.T. Compher
Extra Defensemen
Normal PowerPlayPenalty Kill
Travis Hamonic, Henri Jokiharju, Adam LarssonJani Hakanpaa, Jakob ChychrunHenri Jokiharju
Penalty Shots
Anton Lundell, Valeri Nichushkin, Ryan O'Reilly, Chris Kreider, Christian Dvorak
Goalie
Ilya Samsonov, Craig Anderson
Custom OT Lines Forwards
Mathew Barzal, Valeri Nichushkin, Jeff Skinner, Ryan O'Reilly, Chris Kreider, J.T. Compher, Andrew Mangiapane, Anton Lundell, Jonathan Drouin, Nick Foligno
Custom OT Lines Defensemen
Victor Hedman, Jakob Chychrun, Henri Jokiharju, Adam Larsson, Jani Hakanpaa
Scratches
Emil Bemstrom (Healthy)


Play-by-Play

1st period


0:01 of 1st period - Ryan O'Reilly wins face-off versus Nick Suzuki in neutral zone.
0:37 of 1st period - Slapshot by Max Domi.
0:37 of 1st period - Deflect By J.T. Compher.
0:37 of 1st period - Stopped by Ilya Samsonov with a rebound.
0:39 of 1st period - Wrist shot by William Karlsson.
0:39 of 1st period - Stopped by Ilya Samsonov without a rebound.
0:40 of 1st period - Christian Dvorak wins face-off versus Jonathan Toews in Canadiens zone.
1:47 of 1st period - Dysin Mayo is hit by Chris Kreider.
3:15 of 1st period - Wrist shot by Tyler Toffoli.
3:15 of 1st period - Stopped by Ilya Samsonov with a rebound.
3:17 of 1st period - Slapshot by Cody Ceci.
3:17 of 1st period - Deflect By Jakob Chychrun.
3:17 of 1st period - Stopped by Ilya Samsonov without a rebound.
3:18 of 1st period - Nick Suzuki wins face-off versus J.T. Compher in Canadiens zone.
4:14 of 1st period - Wrist shot by Jaden Schwartz.
4:14 of 1st period - Shot Hit the Post.
4:58 of 1st period - Slapshot by Bobby Brink.
4:58 of 1st period - Stopped by Ilya Samsonov with a rebound.
5:00 of 1st period - Slapshot by Colton Parayko.
5:00 of 1st period - Stopped by Ilya Samsonov without a rebound.
5:01 of 1st period - Christian Dvorak wins face-off versus Nick Suzuki in Canadiens zone.
5:24 of 1st period - Wrist shot by Mathew Barzal.
5:24 of 1st period - Stopped by Andrei Vasilevskiy without a rebound.
5:25 of 1st period - J.T. Compher wins face-off versus Max Domi in Golden Seals zone.
5:34 of 1st period - Slapshot by Mathew Barzal.
5:34 of 1st period - Stopped by Andrei Vasilevskiy with a rebound.
5:36 of 1st period - Slapshot by J.T. Compher.
5:36 of 1st period - Stopped by Andrei Vasilevskiy with a rebound.
5:38 of 1st period - Slapshot by Jakob Chychrun.
5:38 of 1st period - Shot Blocked by Colton Parayko.
5:44 of 1st period - Wrist shot by Mathew Barzal.
5:44 of 1st period - Stopped by Andrei Vasilevskiy without a rebound.
5:45 of 1st period - Nick Suzuki wins face-off versus Christian Dvorak in Golden Seals zone.
5:54 of 1st period - Wrist shot by Tyler Toffoli.
5:54 of 1st period - Stopped by Ilya Samsonov with a rebound.
5:56 of 1st period - Snap shot by Nick Suzuki.
5:56 of 1st period - Stopped by Ilya Samsonov with a rebound.
5:58 of 1st period - Slapshot by Dysin Mayo.
5:58 of 1st period - Stopped by Ilya Samsonov without a rebound.
5:59 of 1st period - J.T. Compher wins face-off versus Nick Suzuki in Canadiens zone.
6:46 of 1st period - Cody Ceci is hit by Jeff Skinner and loses puck.
7:01 of 1st period - Snap shot by Bobby Brink.
7:01 of 1st period - Stopped by Ilya Samsonov without a rebound.
7:02 of 1st period - William Karlsson wins face-off versus J.T. Compher in Canadiens zone.
7:11 of 1st period - Slapshot by Jaden Schwartz.
7:11 of 1st period - Stopped by Ilya Samsonov without a rebound.
7:12 of 1st period - J.T. Compher wins face-off versus William Karlsson in Canadiens zone.
7:25 of 1st period - Mathew Barzal is hit by Jake McCabe and loses puck.
8:10 of 1st period - Wrist shot by Jaden Schwartz.
8:10 of 1st period - Shot Blocked by Adam Larsson.
8:12 of 1st period - Snap shot by Jake McCabe.
8:12 of 1st period - Shot Misses the Net.
8:14 of 1st period - Slapshot by Colton Parayko.
8:14 of 1st period - Deflect By Max Domi.
8:14 of 1st period - Goal by Max Domi - Golden Seals : 1 - Canadiens : 0.
8:15 of 1st period - Nick Suzuki wins face-off versus Christian Dvorak in neutral zone.
8:28 of 1st period - Snap shot by Andrew Mangiapane.
8:28 of 1st period - Stopped by Andrei Vasilevskiy without a rebound.
8:29 of 1st period - Nick Suzuki wins face-off versus Noah Cates in Golden Seals zone.
8:45 of 1st period - Victor Hedman is hit by Jason Robertson and loses puck.
8:56 of 1st period - Jonathan Toews is hit by Adam Larsson and loses puck.
9:16 of 1st period - Off-side.
9:17 of 1st period - Barclay Goodrow wins face-off versus Ryan O'Reilly in neutral zone.
9:34 of 1st period - Snap shot by Jeff Skinner.
9:34 of 1st period - Stopped by Andrei Vasilevskiy without a rebound.
9:35 of 1st period - Nick Suzuki wins face-off versus Christian Dvorak in Golden Seals zone.
10:42 of 1st period - Slapshot by Ondrej Kase.
10:42 of 1st period - Goal by Ondrej Kase - Golden Seals : 2 - Canadiens : 0.
10:43 of 1st period - Nick Suzuki wins face-off versus Christian Dvorak in neutral zone.
11:10 of 1st period - Ryan Suter is hit by Jani Hakanpaa and loses puck.
11:41 of 1st period - Max Domi is hit by Nick Foligno and loses puck.
12:02 of 1st period - Wrist shot by Jonatan Berggren.
12:02 of 1st period - Shot Misses the Net.
12:04 of 1st period - Slapshot by Dysin Mayo.
12:04 of 1st period - Shot Misses the Net.
12:22 of 1st period - Snap shot by Robby Fabbri.
12:22 of 1st period - Shot Misses the Net.
12:24 of 1st period - Wrist shot by Robby Fabbri.
12:24 of 1st period - Stopped by Ilya Samsonov with a rebound.
12:26 of 1st period - Snap shot by Colton Parayko.
12:26 of 1st period - Deflect By Robby Fabbri.
12:26 of 1st period - Stopped by Ilya Samsonov with a rebound.
14:56 of 1st period - Travis Hamonic is hit by Tyler Toffoli and loses puck.
16:08 of 1st period - Wrist shot by Andrew Mangiapane.
16:08 of 1st period - Shot Blocked by Tyler Toffoli.
16:10 of 1st period - Wrist shot by Christian Dvorak.
16:10 of 1st period - Deflect By Andrew Mangiapane.
16:10 of 1st period - Goal by Andrew Mangiapane - Golden Seals : 2 - Canadiens : 1.
16:11 of 1st period - Christian Dvorak wins face-off versus Nick Suzuki in neutral zone.
16:20 of 1st period - Wrist shot by Tyler Toffoli.
16:20 of 1st period - Shot Hit the Post.
17:03 of 1st period - Snap shot by Mathew Barzal.
17:03 of 1st period - Shot Misses the Net.
17:05 of 1st period - Wrist shot by Chris Kreider.
17:05 of 1st period - Stopped by Andrei Vasilevskiy without a rebound.
17:06 of 1st period - Christian Dvorak wins face-off versus Nick Suzuki in Golden Seals zone.
17:13 of 1st period - Wrist shot by Christian Dvorak.
17:13 of 1st period - Shot Misses the Net.
17:17 of 1st period - Slapshot by Anton Lundell.
17:17 of 1st period - Shot Misses the Net.
17:19 of 1st period - Slapshot by Jakob Chychrun.
17:19 of 1st period - Stopped by Andrei Vasilevskiy without a rebound.
17:20 of 1st period - Ryan O'Reilly wins face-off versus Nick Suzuki in Golden Seals zone.
17:25 of 1st period - Snap shot by Valeri Nichushkin.
17:25 of 1st period - Stopped by Andrei Vasilevskiy without a rebound.
17:26 of 1st period - Nick Suzuki wins face-off versus Ryan O'Reilly in Golden Seals zone.
17:26 of 1st period - Nick Suzuki is hit by Adam Larsson.
17:54 of 1st period - Ryan Suter is hit by Jeff Skinner and loses puck.
18:05 of 1st period - Snap shot by Valeri Nichushkin.
18:05 of 1st period - Stopped by Andrei Vasilevskiy with a rebound.
18:07 of 1st period - Wrist shot by Ryan O'Reilly.
18:07 of 1st period - Stopped by Andrei Vasilevskiy with a rebound.
18:09 of 1st period - Wrist shot by Ryan O'Reilly.
18:09 of 1st period - Stopped by Andrei Vasilevskiy without a rebound.
18:10 of 1st period - J.T. Compher wins face-off versus Nick Suzuki in Golden Seals zone.
18:11 of 1st period - Snap shot by Mathew Barzal.
18:11 of 1st period - Shot Misses the Net.
18:14 of 1st period - Icing by Jake McCabe.
18:15 of 1st period - Nick Suzuki wins face-off versus Mathew Barzal in Golden Seals zone.
18:30 of 1st period - Snap shot by Nick Suzuki.
18:30 of 1st period - Shot Misses the Net.
18:50 of 1st period - Snap shot by Jaden Schwartz.
18:50 of 1st period - Stopped by Ilya Samsonov with a rebound.
18:52 of 1st period - Wrist shot by Jaden Schwartz.
18:52 of 1st period - Shot Misses the Net.
19:08 of 1st period - Barclay Goodrow is hit by Noah Cates and loses puck.
19:36 of 1st period - Icing by Valeri Nichushkin.
19:37 of 1st period - Nick Suzuki wins face-off versus Ryan O'Reilly in Canadiens zone.
Goals for this period are 2 for Golden Seals vs 1 for Canadiens.
Shots for this period are 16 for Golden Seals vs 13 for Canadiens.

2nd period


0:01 of 2nd period - Christian Dvorak wins face-off versus Nick Suzuki in neutral zone.
0:06 of 2nd period - Wrist shot by Anton Lundell.
0:06 of 2nd period - Shot Misses the Net.
0:08 of 2nd period - Snap shot by Christian Dvorak.
0:08 of 2nd period - Stopped by Andrei Vasilevskiy without a rebound.
0:09 of 2nd period - Christian Dvorak wins face-off versus Nick Suzuki in Golden Seals zone.
0:14 of 2nd period - Wrist shot by Christian Dvorak.
0:14 of 2nd period - Shot Misses the Net.
0:16 of 2nd period - Wrist shot by Andrew Mangiapane.
0:16 of 2nd period - Stopped by Andrei Vasilevskiy with a rebound.
0:18 of 2nd period - Slapshot by Jani Hakanpaa.
0:18 of 2nd period - Shot Misses the Net.
0:20 of 2nd period - Wrist shot by Christian Dvorak.
0:20 of 2nd period - Shot Misses the Net.
0:22 of 2nd period - Snap shot by Christian Dvorak.
0:22 of 2nd period - Goal by Christian Dvorak - Golden Seals : 2 - Canadiens : 2.
0:23 of 2nd period - J.T. Compher wins face-off versus Nick Suzuki in neutral zone.
0:26 of 2nd period - Tyler Toffoli is hit by Chris Kreider and loses puck.
0:31 of 2nd period - Slapshot by Mathew Barzal.
0:31 of 2nd period - Shot Misses the Net.
0:37 of 2nd period - Wrist shot by Mathew Barzal.
0:37 of 2nd period - Shot Blocked by Dysin Mayo.
0:39 of 2nd period - Slapshot by Jani Hakanpaa.
0:39 of 2nd period - Deflect By Nick Suzuki.
0:39 of 2nd period - Stopped by Andrei Vasilevskiy without a rebound.
0:40 of 2nd period - William Karlsson wins face-off versus Christian Dvorak in Golden Seals zone.
0:42 of 2nd period - Minor Penalty to Ryan Suter for Tripping.
0:43 of 2nd period - Jason Robertson wins face-off versus Chris Kreider in Golden Seals zone.
1:18 of 2nd period - Dysin Mayo is hit by Victor Hedman and loses puck.
2:42 of 2nd period - Penalty to Ryan Suter is over, Ryan Suter is back on ice.
2:51 of 2nd period - Off-side.
2:52 of 2nd period - Jonathan Toews wins face-off versus Noah Cates in neutral zone.
3:29 of 2nd period - Wrist shot by Jonathan Drouin.
3:29 of 2nd period - Stopped by Andrei Vasilevskiy with a rebound.
3:31 of 2nd period - Backhand shot by Jani Hakanpaa.
3:31 of 2nd period - Shot Blocked by Colton Parayko.
3:33 of 2nd period - Snap shot by Jani Hakanpaa.
3:33 of 2nd period - Stopped by Andrei Vasilevskiy without a rebound.
3:34 of 2nd period - Nick Suzuki wins face-off versus J.T. Compher in Golden Seals zone.
4:13 of 2nd period - Snap shot by Christian Dvorak.
4:13 of 2nd period - Stopped by Andrei Vasilevskiy without a rebound.
4:14 of 2nd period - Ryan O'Reilly wins face-off versus Jonathan Toews in Golden Seals zone.
4:25 of 2nd period - Snap shot by Bobby Brink.
4:25 of 2nd period - Shot Misses the Net.
4:27 of 2nd period - Snap shot by Dmitry Kulikov.
4:27 of 2nd period - Stopped by Ilya Samsonov with a rebound.
4:29 of 2nd period - Slapshot by Dysin Mayo.
4:29 of 2nd period - Stopped by Ilya Samsonov with a rebound.
5:08 of 2nd period - Icing by Jake McCabe.
5:09 of 2nd period - William Karlsson wins face-off versus Christian Dvorak in Golden Seals zone.
6:20 of 2nd period - Slapshot by Ondrej Kase.
6:20 of 2nd period - Shot Misses the Net.
6:40 of 2nd period - Snap shot by Chris Kreider.
6:40 of 2nd period - Stopped by Andrei Vasilevskiy without a rebound.
6:41 of 2nd period - William Karlsson wins face-off versus J.T. Compher in Golden Seals zone.
6:58 of 2nd period - Snap shot by Chris Kreider.
6:58 of 2nd period - Stopped by Andrei Vasilevskiy without a rebound.
6:59 of 2nd period - Christian Dvorak wins face-off versus Nick Suzuki in Golden Seals zone.
7:02 of 2nd period - Snap shot by Andrew Mangiapane.
7:02 of 2nd period - Shot Misses the Net.
7:04 of 2nd period - Wrist shot by Andrew Mangiapane.
7:04 of 2nd period - Stopped by Andrei Vasilevskiy with a rebound.
7:06 of 2nd period - Wrist shot by Anton Lundell.
7:06 of 2nd period - Stopped by Andrei Vasilevskiy with a rebound.
7:08 of 2nd period - Snap shot by Adam Larsson.
7:08 of 2nd period - Deflect By Andrew Mangiapane.
7:08 of 2nd period - Stopped by Andrei Vasilevskiy with a rebound.
7:10 of 2nd period - Slapshot by Adam Larsson.
7:10 of 2nd period - Shot Misses the Net.
7:12 of 2nd period - Slapshot by Jakob Chychrun.
7:12 of 2nd period - Shot Misses the Net.
7:14 of 2nd period - Snap shot by Andrew Mangiapane.
7:14 of 2nd period - Shot Blocked by Nick Suzuki.
7:33 of 2nd period - Slapshot by Mathew Barzal.
7:33 of 2nd period - Shot Blocked by Dmitry Kulikov.
7:49 of 2nd period - Robby Fabbri is hit by Jeff Skinner.
8:09 of 2nd period - Wrist shot by Victor Hedman.
8:09 of 2nd period - Shot Misses the Net.
8:11 of 2nd period - Wrist shot by Noah Cates.
8:11 of 2nd period - Goal by Noah Cates - Golden Seals : 2 - Canadiens : 3.
8:12 of 2nd period - Christian Dvorak wins face-off versus Jason Robertson in neutral zone.
8:37 of 2nd period - Ryan Suter is hit by Chris Kreider and loses puck.
10:01 of 2nd period - William Karlsson is hit by J.T. Compher.
10:07 of 2nd period - Slapshot by J.T. Compher.
10:07 of 2nd period - Deflect By Mathew Barzal.
10:07 of 2nd period - Shot Misses the Net.
10:07 of 2nd period - Puck is out of play.
10:08 of 2nd period - Nick Suzuki wins face-off versus J.T. Compher in Golden Seals zone.
10:13 of 2nd period - Wrist shot by Jason Robertson.
10:13 of 2nd period - Shot Misses the Net.
10:15 of 2nd period - Snap shot by Tyler Toffoli.
10:15 of 2nd period - Stopped by Ilya Samsonov with a rebound.
10:17 of 2nd period - Slapshot by Jason Robertson.
10:17 of 2nd period - Stopped by Ilya Samsonov without a rebound.
10:18 of 2nd period - Christian Dvorak wins face-off versus Nick Suzuki in Canadiens zone.
10:23 of 2nd period - Wrist shot by Jakob Chychrun.
10:23 of 2nd period - Stopped by Andrei Vasilevskiy without a rebound.
10:24 of 2nd period - Christian Dvorak wins face-off versus Nick Suzuki in Golden Seals zone.
10:31 of 2nd period - Wrist shot by Andrew Mangiapane.
10:31 of 2nd period - Stopped by Andrei Vasilevskiy with a rebound.
10:49 of 2nd period - Adam Larsson is hit by Max Domi and loses puck.
11:16 of 2nd period - Wrist shot by Mathew Barzal.
11:16 of 2nd period - Stopped by Andrei Vasilevskiy with a rebound.
11:18 of 2nd period - Wrist shot by Victor Hedman.
11:18 of 2nd period - Shot Blocked by Bobby Brink.
11:20 of 2nd period - Slapshot by Jani Hakanpaa.
11:20 of 2nd period - Shot Blocked by Colton Parayko.
11:22 of 2nd period - Slapshot by Jani Hakanpaa.
11:22 of 2nd period - Shot Blocked by Bobby Brink.
11:38 of 2nd period - Jonatan Berggren is hit by Nick Foligno and loses puck.
11:45 of 2nd period - Nick Foligno is hit by Dysin Mayo and loses puck.
11:57 of 2nd period - Icing by Andrew Mangiapane.
11:58 of 2nd period - Christian Dvorak wins face-off versus Nick Suzuki in Canadiens zone.
12:32 of 2nd period - Wrist shot by Valeri Nichushkin.
12:32 of 2nd period - Shot Blocked by Jaden Schwartz.
12:44 of 2nd period - Cody Ceci is hit by Adam Larsson and loses puck.
12:53 of 2nd period - Snap shot by Bobby Brink.
12:53 of 2nd period - Goal by Bobby Brink - Golden Seals : 3 - Canadiens : 3.
12:54 of 2nd period - J.T. Compher wins face-off versus Nick Suzuki in neutral zone.
13:01 of 2nd period - Chris Kreider is hit by Jason Robertson and loses puck.
14:30 of 2nd period - Wrist shot by Jaden Schwartz.
14:30 of 2nd period - Shot Blocked by J.T. Compher.
14:32 of 2nd period - Snap shot by Dysin Mayo.
14:32 of 2nd period - Shot Misses the Net.
15:05 of 2nd period - Noah Cates is hit by Robby Fabbri and loses puck.
15:13 of 2nd period - Slapshot by Nick Foligno.
15:13 of 2nd period - Shot Misses the Net.
16:31 of 2nd period - Snap shot by Max Domi.
16:31 of 2nd period - Shot Misses the Net.
16:48 of 2nd period - Jani Hakanpaa is hit by Dmitry Kulikov and loses puck.
17:11 of 2nd period - Snap shot by Bobby Brink.
17:11 of 2nd period - Shot Blocked by Victor Hedman.
17:13 of 2nd period - Wrist shot by Robby Fabbri.
17:13 of 2nd period - Stopped by Ilya Samsonov with a rebound.
17:15 of 2nd period - Backhand shot by Dysin Mayo.
17:15 of 2nd period - Deflect By Chris Kreider.
17:15 of 2nd period - Stopped by Ilya Samsonov with a rebound.
17:17 of 2nd period - Snap shot by Robby Fabbri.
17:17 of 2nd period - Goal by Robby Fabbri - Golden Seals : 4 - Canadiens : 3.
17:18 of 2nd period - Nick Suzuki wins face-off versus Christian Dvorak in neutral zone.
17:29 of 2nd period - Snap shot by Jason Robertson.
17:29 of 2nd period - Shot Blocked by Adam Larsson.
18:01 of 2nd period - Icing by Robby Fabbri.
18:02 of 2nd period - Ryan O'Reilly wins face-off versus Barclay Goodrow in Golden Seals zone.
18:30 of 2nd period - Snap shot by Nick Suzuki.
18:30 of 2nd period - Shot Misses the Net.
18:32 of 2nd period - Wrist shot by Cody Ceci.
18:32 of 2nd period - Deflect By Jason Robertson.
18:32 of 2nd period - Shot Misses the Net.
18:32 of 2nd period - Puck is out of play.
18:33 of 2nd period - Christian Dvorak wins face-off versus Nick Suzuki in Canadiens zone.
18:37 of 2nd period - Off-side.
18:38 of 2nd period - Christian Dvorak wins face-off versus Nick Suzuki in neutral zone.
18:49 of 2nd period - Slapshot by Tyler Toffoli.
18:49 of 2nd period - Stopped by Ilya Samsonov with a rebound.
18:53 of 2nd period - Slapshot by Nick Suzuki.
18:53 of 2nd period - Deflect By Andrew Mangiapane.
18:53 of 2nd period - Stopped by Ilya Samsonov with a rebound.
18:55 of 2nd period - Snap shot by Colton Parayko.
18:55 of 2nd period - Shot Blocked by Victor Hedman.
19:07 of 2nd period - Wrist shot by Robby Fabbri.
19:07 of 2nd period - Stopped by Ilya Samsonov with a rebound.
19:09 of 2nd period - Snap shot by Robby Fabbri.
19:09 of 2nd period - Shot Misses the Net.
19:11 of 2nd period - Snap shot by Bobby Brink.
19:11 of 2nd period - Stopped by Ilya Samsonov with a rebound.
19:13 of 2nd period - Snap shot by Jonathan Toews.
19:13 of 2nd period - Shot Blocked by Victor Hedman.
19:39 of 2nd period - Snap shot by Barclay Goodrow.
19:39 of 2nd period - Shot Blocked by Victor Hedman.
Goals for this period are 2 for Golden Seals vs 2 for Canadiens.
Shots for this period are 12 for Golden Seals vs 16 for Canadiens.

3rd period


0:01 of 3rd period - Ryan O'Reilly wins face-off versus Nick Suzuki in neutral zone.
0:53 of 3rd period - Snap shot by Jonathan Toews.
0:53 of 3rd period - Stopped by Ilya Samsonov with a rebound.
1:06 of 3rd period - Off-side.
1:07 of 3rd period - Noah Cates wins face-off versus Jonatan Berggren in neutral zone.
1:20 of 3rd period - Slapshot by Ondrej Kase.
1:20 of 3rd period - Goal by Ondrej Kase - Golden Seals : 5 - Canadiens : 3.
1:21 of 3rd period - Ryan O'Reilly wins face-off versus Nick Suzuki in neutral zone.
1:48 of 3rd period - Cody Ceci is hit by Jakob Chychrun and loses puck.
1:57 of 3rd period - Wrist shot by Chris Kreider.
1:57 of 3rd period - Stopped by Andrei Vasilevskiy without a rebound.
1:58 of 3rd period - Nick Suzuki wins face-off versus Christian Dvorak in Golden Seals zone.
2:00 of 3rd period - Icing by Jason Robertson.
2:01 of 3rd period - Anton Lundell wins face-off versus Jason Robertson in Golden Seals zone.
2:29 of 3rd period - Icing by Henri Jokiharju.
2:30 of 3rd period - Ryan O'Reilly wins face-off versus William Karlsson in Canadiens zone.
3:08 of 3rd period - Travis Hamonic is hit by Max Domi and loses puck.
3:19 of 3rd period - Jaden Schwartz is hit by Henri Jokiharju.
3:53 of 3rd period - Slapshot by Jeff Skinner.
3:53 of 3rd period - Stopped by Andrei Vasilevskiy with a rebound.
4:47 of 3rd period - Snap shot by Jeff Skinner.
4:47 of 3rd period - Stopped by Andrei Vasilevskiy with a rebound.
5:01 of 3rd period - Slapshot by Ryan Suter.
5:01 of 3rd period - Stopped by Ilya Samsonov without a rebound.
5:02 of 3rd period - J.T. Compher wins face-off versus Jason Robertson in Canadiens zone.
5:37 of 3rd period - Slapshot by Nick Foligno.
5:37 of 3rd period - Stopped by Andrei Vasilevskiy without a rebound.
5:38 of 3rd period - Bobby Brink wins face-off versus Noah Cates in Golden Seals zone.
5:38 of 3rd period - Bobby Brink is hit by Adam Larsson.
5:48 of 3rd period - Wrist shot by Jonathan Drouin.
5:48 of 3rd period - Stopped by Andrei Vasilevskiy without a rebound.
5:49 of 3rd period - Jonathan Toews wins face-off versus J.T. Compher in Golden Seals zone.
6:03 of 3rd period - Slapshot by Jakob Chychrun.
6:03 of 3rd period - Shot Misses the Net.
6:05 of 3rd period - Slapshot by Chris Kreider.
6:05 of 3rd period - Shot Blocked by Colton Parayko.
6:29 of 3rd period - Minor Penalty to Anton Lundell for Tripping.
6:30 of 3rd period - Nick Suzuki wins face-off versus Christian Dvorak in Canadiens zone.
6:50 of 3rd period - Colton Parayko is hit by Adam Larsson and loses puck.
7:19 of 3rd period - Icing by Max Domi.
7:20 of 3rd period - Christian Dvorak wins face-off versus Max Domi in Golden Seals zone.
7:21 of 3rd period - Snap shot by Jonathan Drouin.
7:21 of 3rd period - Stopped by Andrei Vasilevskiy without a rebound.
7:22 of 3rd period - Christian Dvorak wins face-off versus Nick Suzuki in Golden Seals zone.
7:35 of 3rd period - Adam Larsson is hit by Colton Parayko and loses puck.
8:29 of 3rd period - Penalty to Anton Lundell is over, Anton Lundell is back on ice.
8:40 of 3rd period - Snap shot by Chris Kreider.
8:40 of 3rd period - Shot Misses the Net.
9:23 of 3rd period - Wrist shot by Victor Hedman.
9:23 of 3rd period - Stopped by Andrei Vasilevskiy with a rebound.
9:50 of 3rd period - Snap shot by Jeff Skinner.
9:50 of 3rd period - Stopped by Andrei Vasilevskiy with a rebound.
10:02 of 3rd period - Snap shot by William Karlsson.
10:02 of 3rd period - Shot Misses the Net.
10:04 of 3rd period - Slapshot by Ryan Suter.
10:04 of 3rd period - Shot Misses the Net.
10:06 of 3rd period - Snap shot by Barclay Goodrow.
10:06 of 3rd period - Shot Misses the Net.
10:28 of 3rd period - Snap shot by Chris Kreider.
10:28 of 3rd period - Stopped by Andrei Vasilevskiy with a rebound.
10:34 of 3rd period - Jake McCabe is hit by Mathew Barzal and loses puck.
11:36 of 3rd period - Icing by Robby Fabbri.
11:37 of 3rd period - Barclay Goodrow wins face-off versus Christian Dvorak in Golden Seals zone.
11:44 of 3rd period - Snap shot by Ondrej Kase.
11:44 of 3rd period - Shot Blocked by Jakob Chychrun.
11:46 of 3rd period - Slapshot by Dmitry Kulikov.
11:46 of 3rd period - Stopped by Ilya Samsonov without a rebound.
11:47 of 3rd period - Nick Suzuki wins face-off versus J.T. Compher in Canadiens zone.
11:48 of 3rd period - Slapshot by Jason Robertson.
11:48 of 3rd period - Stopped by Ilya Samsonov with a rebound.
11:50 of 3rd period - Wrist shot by Nick Suzuki.
11:50 of 3rd period - Shot Blocked by Jakob Chychrun.
11:52 of 3rd period - Slapshot by Dmitry Kulikov.
11:52 of 3rd period - Deflect By Jason Robertson.
11:52 of 3rd period - Stopped by Ilya Samsonov with a rebound.
11:54 of 3rd period - Wrist shot by Tyler Toffoli.
11:54 of 3rd period - Shot Misses the Net.
11:56 of 3rd period - Snap shot by Nick Suzuki.
11:56 of 3rd period - Shot Misses the Net.
12:00 of 3rd period - Snap shot by Nick Suzuki.
12:00 of 3rd period - Goal by Nick Suzuki - Golden Seals : 6 - Canadiens : 3.
12:01 of 3rd period - Nick Suzuki wins face-off versus J.T. Compher in neutral zone.
13:40 of 3rd period - Wrist shot by Nick Suzuki.
13:40 of 3rd period - Stopped by Ilya Samsonov with a rebound.
14:43 of 3rd period - Wrist shot by Jeff Skinner.
14:43 of 3rd period - Shot Misses the Net.
15:05 of 3rd period - Wrist shot by Mathew Barzal.
15:05 of 3rd period - Stopped by Andrei Vasilevskiy without a rebound.
15:06 of 3rd period - J.T. Compher wins face-off versus Nick Suzuki in Golden Seals zone.
15:11 of 3rd period - Wrist shot by Mathew Barzal.
15:11 of 3rd period - Stopped by Andrei Vasilevskiy with a rebound.
15:13 of 3rd period - Snap shot by J.T. Compher.
15:13 of 3rd period - Shot Misses the Net.
15:15 of 3rd period - Slapshot by Henri Jokiharju.
15:15 of 3rd period - Shot Blocked by Tyler Toffoli.
15:17 of 3rd period - Wrist shot by Chris Kreider.
15:17 of 3rd period - Stopped by Andrei Vasilevskiy without a rebound.
15:18 of 3rd period - J.T. Compher wins face-off versus Nick Suzuki in Golden Seals zone.
16:12 of 3rd period - Wrist shot by Jaden Schwartz.
16:12 of 3rd period - Stopped by Ilya Samsonov without a rebound.
16:13 of 3rd period - Nick Suzuki wins face-off versus J.T. Compher in Canadiens zone.
16:47 of 3rd period - Wrist shot by Anton Lundell.
16:47 of 3rd period - Shot Misses the Net.
17:00 of 3rd period - Off-side.
17:01 of 3rd period - Jaden Schwartz wins face-off versus Jeff Skinner in neutral zone.
17:16 of 3rd period - Snap shot by Jeff Skinner.
17:16 of 3rd period - Shot Misses the Net.
17:18 of 3rd period - Snap shot by Jeff Skinner.
17:18 of 3rd period - Shot Misses the Net.
19:02 of 3rd period - Snap shot by Ondrej Kase.
19:02 of 3rd period - Stopped by Ilya Samsonov without a rebound.
19:03 of 3rd period - Nick Suzuki wins face-off versus Christian Dvorak in Canadiens zone.
19:12 of 3rd period - Henri Jokiharju is hit by Nick Suzuki and loses puck.
19:29 of 3rd period - Anton Lundell is hit by Robby Fabbri and loses puck.
19:52 of 3rd period - Snap shot by Christian Dvorak.
19:52 of 3rd period - Shot Misses the Net.
19:54 of 3rd period - Snap shot by Anton Lundell.
19:54 of 3rd period - Stopped by Andrei Vasilevskiy with a rebound.
19:56 of 3rd period - Snap shot by Andrew Mangiapane.
19:56 of 3rd period - Stopped by Andrei Vasilevskiy without a rebound.
19:57 of 3rd period - J.T. Compher wins face-off versus Nick Suzuki in Golden Seals zone.
Goals for this period are 2 for Golden Seals vs 0 for Canadiens.
Shots for this period are 10 for Golden Seals vs 14 for Canadiens.




Output by the SimonT Hockey Simulator (STHS) for Eric Tremblay - Original Page W3C HTML5 Valid
Hockey Simulator - Hockey Simulation - Hockey Manager